 Dungeon Crawl Stone Soup version 0.23.2-33-g5129a83184 (webtiles) character file.

Game seed: 14407684799242910623

221 FishyPogo the Sneak (level 5, 0/31 HPs)
             Began as an Octopode Wizard on July 29, 2019.
             Was an Initiate of Makhleb.
             Slain by a scorpion (8 damage)
             ... on level 4 of the Dungeon.
             The game lasted 00:33:18 (3666 turns).

FishyPogo the Sneak (Octopode Wizard)               Turns: 3666, Time: 00:33:18

Health: 0/31       AC:  1    Str:  6 (7)  XL:     5   Next: 98%
Magic:  0/11       EV: 13    Int: 20 (21) God:    Makhleb [......]
Gold:   170        SH:  0    Dex:  8 (10) Spells: 4/12 levels left

rFire    + . .     SeeInvis .   a - +0 falchion
rCold    x . .     Gourm    .   (no shield)
rNeg     . . .     Faith    .   h - +0 hat
rPois    .         Spirit   .   i - amulet of rage
rElec    .         Reflect  .   (no ring)
rCorr    .         Harm     .   w - ring of fire
MR       .....                  A - ring of flight
Stlth    +++.......             (no ring)
HPRegen  0.10/turn              (no ring)
MPRegen  0.12/turn              (no ring)
                                (no ring)
                                (no ring)

@: very slightly contaminated
A: almost no armour, stealthy swim, amphibious, 8 rings, constrict 8, camouflage
1, gelatinous body 1
a: Renounce Religion, Evoke Berserk Rage, Evoke Flight


You were on level 4 of the Dungeon.
You worshipped Makhleb.
Makhleb was noncommittal.
You were hungry.

You visited 1 branch of the dungeon, and saw 4 of its levels.

You collected 170 gold pieces.

Inventory:

Hand Weapons
 a - a +0 falchion (weapon)
 b - a +0 rapier
 v - a +0 whip of draining
Armour
 h - a +0 hat (worn)
Jewellery
 i - an amulet of rage (around mantle)
 w - a ring of fire (right tentacle)
 A - a ring of flight (on tentacle)
Wands
 t - a wand of enslavement (6)
Scrolls
 d - a scroll of fog {unknown}
 g - a scroll of magic mapping {unknown}
 l - a scroll of noise {unknown}
 m - a scroll of random uselessness {unknown}
 o - 3 scrolls of identify
 p - a scroll of remove curse
 s - a scroll of blinking {unknown}
 u - a scroll of enchant weapon {unknown}
 y - a scroll of enchant armour {unknown}
Potions
 e - 2 potions of agility
 f - a potion of haste {unknown}
 q - a potion of flight {unknown}
 x - a potion of lignification {unknown}
Comestibles
 c - 8 rations


   Skills:
 + Level 0.2 Long Blades
 - Level 0.3 Maces & Flails
 + Level 2.3 Dodging
 * Level 4.3 Stealth
 * Level 4.3 Spellcasting
 * Level 2.3 Conjurations
 + Level 1.5 Summonings
 + Level 1.3 Translocations
 * Level 1.0 Fire Magic
 + Level 1.0 Invocations


You had 4 spell levels left.
You knew the following spells:

 Your Spells              Type           Power        Failure   Level  Hunger
a - Magic Dart            Conj           ##..         4%          1    None
b - Blink                 Tloc           N/A          11%         2    #......
c - Call Imp              Summ           ##......     10%         2    #......
d - Conjure Flame         Conj/Fire      ###.....     19%         3    ###....

Your spell library contained the following spells:

 Spells                   Type           Power        Failure   Level  Hunger
 Slow                     Hex            #.......     19%         2    #......
 Mephitic Cloud           Conj/Pois/Air  #.......     26%         3    ###....


Dungeon Overview and Level Annotations

Branches:
Dungeon (4/15)
 Temple: D:4-7

Altars:
Makhleb


Innate Abilities, Weirdness & Mutations

You cannot wear most types of armour.
You are very stealthy in the water. (Stealth+)
You are amphibious.
You can wear up to eight rings at the same time.
You can use your tentacles to constrict eight enemies at once.
Your skin changes colour to match your surroundings (Stealth+).
Your rubbery body absorbs attacks. (AC +1, EV +1)


Message History

* * * LOW HITPOINT WARNING * * *
Casting: Call Imp (safe; 10% risk of failure)
Confirm with . or Enter, or press ? or * to list all spells.
Aiming: Magic Dart (safe; 4% risk of failure)
Press: ? - help, Shift-Dir - straight line, f/p - scorpion
Aim: a scorpion (heavily wounded, constricted by you)
The magic dart hits the scorpion.
The scorpion is heavily wounded.
You constrict the scorpion. The scorpion stings you.
* * * LOW HITPOINT WARNING * * *
Casting: Magic Dart (safe; 4% risk of failure)
Confirm with . or Enter, or press ? or * to list all spells.
Aiming: Magic Dart (safe; 4% risk of failure)
Press: ? - help, Shift-Dir - straight line, f/p - scorpion
Aim: a scorpion (heavily wounded, constricted by you)
The magic dart hits the scorpion but does no damage.
The scorpion is heavily wounded.
You constrict the scorpion, but do no damage.
The scorpion stings you!
You die...

.......#. #..#
......##.####..# ..
......##....... #####..
...)........#.# .......
............#.###.....
....##........#......
....##......#.#.#..#
....##..........#).##...
....##.........s@.......
..#########..5.ยง.%.#....
#.<...............$....#
..........#.#.#....#....
#.###..##.#.#.#.........
........................
.......##.#.#.#.........
.....[............##.##
#.#.##.##.#.###...


You could see a scorpion and a friendly crimson imp.

Vanquished Creatures
  Jessica (D:3)
  A worker ant (D:3)
  A howler monkey skeleton (D:4)
  3 adders
  An ooze (D:1)
  2 dart slugs (D:1)
  4 leopard geckos
  An orc (D:3)
  A ball python (D:2)
  A giant cockroach (D:1)
  10 goblins
  10 hobgoblins
  5 jackals
  4 kobolds
  2 quokkas
  4 bats
  2 frilled lizards (D:1)
  6 rats
59 creatures vanquished.

Vanquished Creatures (collateral kills)
  An ogre (D:4)
  Ijyb (D:3)
  2 worms
  A jackal (D:3)
5 creatures vanquished.

Vanquished Creatures (others)
  An iguana (D:3)
1 creature vanquished.

Grand Total: 65 creatures vanquished

Notes
Turn   | Place    | Note
-------+----------+-------------------------------------------
     0 | D:1      | FishyPogo the Octopode Wizard began the quest for the Orb.
     0 | D:1      | Reached XP level 1. HP: 11/11 MP: 4/4
   129 | D:1      | Reached XP level 2. HP: 10/17 MP: 0/6
   611 | D:1      | Learned a level 2 spell: Blink
   614 | D:1      | Learned a level 2 spell: Call Imp
   716 | D:1      | Reached XP level 3. HP: 21/21 MP: 1/8
  1646 | D:2      | Found a burning altar of Makhleb.
  1646 | D:2      | Noticed a cacodemon
  1649 | D:2      | Noticed a ynoxinul
  1649 | D:2      | Noticed a smoke demon
  1651 | D:2      | Became a worshipper of Makhleb the Destroyer
  1671 | D:2      | Reached XP level 4. HP: 27/27 MP: 7/9
  2270 | D:3      | Noticed Jessica
  2280 | D:3      | Killed Jessica
  2364 | D:3      | Noticed Ijyb
  2379 | D:3      | Killed Ijyb
  2379 | D:3      | Reached XP level 5. HP: 29/31 MP: 1/11
  2654 | D:3      | Learned a level 3 spell: Conjure Flame
  3377 | D:4      | Noticed an ogre
  3393 | D:4      | Killed an ogre
  3488 | D:4      | HP: 1/31 [worker ant (3)]
  3533 | D:3      | Reached skill level 1 in Invocations
  3654 | D:4      | Reached skill level 1 in Fire Magic
  3666 | D:4      | Slain by a scorpion

Skill      XL: |  1  2  3  4  5 |
---------------+----------------+-----
Stealth        | 3 4 |  4.3
Spellcasting   | 4 |  4.3
Conjurations   | 2 |  2.3
Invocations    | 1 |  1.0
Fire Magic     | 1 |  1.0
Long Blades    | |  0.2
Maces & Flails | |  0.3
Dodging        | |  2.3
Summonings     | |  1.5
Translocations | |  1.3

Action                   |  1- 3 |  4- 6 || total
-------------------------+-------+-------++-------
Melee: Whip              |    25 |    11 ||    36
       Constrict         |     3 |    16 ||    19
       Tentacles         |     1 |     6 ||     7
       Falchion          |       |    32 ||    32
       Rapier            |       |     4 ||     4
 Cast: Magic Dart        |    85 |    29 ||   114
       Call Imp          |     6 |    14 ||    20
       Blink             |       |     6 ||     6
Evoke: Wand              |       |     1 ||     1
  Use: Potion            |       |     5 ||     5
       Scroll            |       |     2 ||     2
 Stab: Sleeping          |     2 |     2 ||     4
  Eat: Chunk             |     2 |     6 ||     8
Armor: Skin              |       |     7 ||     7
Dodge: Dodged            |    21 |    61 ||    82
       Rpst.: Falchion   |       |    12 ||    12
